 Dungeon Crawl Stone Soup version 0.22.2-1-ge965b3a (webtiles) character file.

109 smallpebble the Skirmisher (level 4, -1/40 HPs)
             Began as a Hill Orc Fighter on Apr 6, 2019.
             Was an Initiate of Dithmenos.
             Slain by a hobgoblin
             ... wielding a +0 club
              (4 damage)
             ... on level 3 of the Dungeon.
             The game lasted 00:07:24 (1773 turns).

smallpebble the Skirmisher (Hill Orc Fighter)       Turns: 1773, Time: 00:07:25

Health: -1/40      AC: 12    Str: 18    XL:     4   Next: 90%
Magic:  4/4        EV:  6    Int:  8    God:    Dithmenos [......]
Gold:   37         SH:  4    Dex: 11    Spells: 3/3 levels left

rFire    . . .     SeeInvis .   a - +0 long sword
rCold    . . .     Gourm    .   m - +0 buckler
rNeg     . . .     Faith    .   q - +0 plate armour
rPois    .         Spirit   .   (no helmet)
rElec    .         Reflect  .   (no cloak)
rCorr    .         Harm     .   r - +0 pair of gloves
MR       .....                  (no boots)
Stlth    ..........             (no amulet)
HPRegen  0.13/turn              (no ring)
MPRegen  0.09/turn              (no ring)

@: no status effects
A: no striking features
a: Renounce Religion, Convert to Beogh


You were on level 3 of the Dungeon.
You worshipped Dithmenos.
Dithmenos was noncommittal.
You were near starving.

You visited 1 branch of the dungeon, and saw 3 of its levels.

You collected 37 gold pieces.

Inventory:

Hand Weapons
 a - a +0 long sword (weapon)
Armour
 b - a +0 scale mail
 c - a +0 shield
 m - a +0 buckler (worn)
 o - a +0 scale mail
 q - a +0 plate armour (worn)
 r - a +0 pair of gloves (worn)
Jewellery
 i - a cursed amulet of inaccuracy {unknown}
Scrolls
 e - 2 scrolls of identify {unknown}
 j - 2 scrolls of fear {unknown}
 l - 2 scrolls of remove curse {unknown}
 n - a scroll of amnesia {unknown}
 v - 2 scrolls of teleportation {unknown}
Potions
 d - a potion of might
 g - a potion of agility {unknown}
 h - a potion of ambrosia {unknown}
 k - 2 potions of heal wounds {unknown}
 p - a potion of degeneration {unknown}
 s - a potion of lignification {unknown}
 t - 2 potions of resistance {unknown}
 u - 2 potions of berserk rage {unknown}
Comestibles
 f - 4 rations


   Skills:
 - Level 4.0 Fighting
 - Level 2.5 Long Blades
 - Level 3.6 Armour
 * Level 2.5 Dodging
 - Level 3.8 Shields


You had 3 spell levels left.
You didn't know any spells.
Your spell library was empty.

Dungeon Overview and Level Annotations

Branches:
Dungeon (3/15)

Altars:
Dithmenos
Makhleb
Uskayaw


Message History

The orc priest is heavily wounded.
The orc closely misses you.
You riposte.
You slash the orc!
You kill the orc!
Dithmenos accepts your kill.
The orc priest shouts, "Surrender to Beogh and we'll let you live!"
The orc priest hits you but does no damage.
You closely miss the orc priest.
The orc priest is heavily wounded.
The orc priest invokes the aid of Beogh against you.
Beogh smites you!
* * * LOW HITPOINT WARNING * * *
Your plate armour prevents you from hitting the orc priest.
The orc priest is heavily wounded.
The orc priest looks braver for a moment.
You hit the orc priest.
The orc priest is severely wounded.
You block the hobgoblin's attack. The orc priest hits you.
* * * LOW HITPOINT WARNING * * *
The hobgoblin hits you with a club.
You die...

.#.#.#.#.#..8.8.8..#.# #.
...#.#.#.#...........# #.#.
#..#.#.#.#.#.........#.#.#.#
#...#.#.#.#.#......#..#.#.#
..#.#.#.#.#.....)_#.#.#.#
#..#.#.#.#)#......#..#.#
###.#.#.#.#.#.........#.#
....#.#.#.#.#........)#
#.#.#.#.#.#..8@8.8..#'#
#..#.#.#.#.#..go.......#
#.#.#.#.#.#.#.#.#.#....'#
#..#.#.#.#.#.#.#.#'....#.#
#.#.#.#.#.#.#.#.#.#.%...#.#
#..#.#.#.#.#.#.#.#.#'#.#.#
###+#.#.#.#.#.#.#.#.#.#.#.#.#
.....#.#.#.#.#.#.#.#.#.# #.#.
.....+#.#.#.#.#.#.#.#.


You could see an orc priest and a hobgoblin.

Vanquished Creatures
  An orc priest (D:3)
  3 adders (D:2)
  3 orcs (D:3)
  8 bats
  A giant cockroach (D:1)
  5 goblins
  5 hobgoblins (D:1)
  5 jackals
  6 kobolds
  A quokka (D:2)
  2 ball pythons
  4 frilled lizards
  6 rats
50 creatures vanquished.

Notes
Turn   | Place    | Note
-------+----------+-------------------------------------------
     0 | D:1      | smallpebble the Hill Orc Fighter began the quest for the
                  | Orb.
     0 | D:1      | Reached XP level 1. HP: 19/19 MP: 1/1
    48 | D:1      | Reached XP level 2. HP: 20/27 MP: 2/2
   402 | D:1      | Reached skill level 4 in Fighting
   402 | D:1      | Reached XP level 3. HP: 31/33 MP: 3/3
  1104 | D:2      | Reached skill level 1 in Dodging
  1109 | D:2      | Found a shadowy altar of Dithmenos.
  1168 | D:2      | Became a worshipper of Dithmenos the Shadowed
  1214 | D:2      | Reached XP level 4. HP: 40/40 MP: 4/4
  1389 | D:3      | Found a burning altar of Makhleb.
  1470 | D:3      | Found a hide-covered altar of Uskayaw.
  1773 | D:3      | Slain by a hobgoblin

Skill      XL: |  1  2  3  4 |
---------------+-------------+-----
Fighting       | 4 |  4.0
Dodging        | 1 2 |  2.5
Long Blades    | |  2.5
Armour         | |  3.6
Shields        | |  3.8

Action                   |  1- 3 |  4- 6 || total
-------------------------+-------+-------++-------
Melee: Long sword        |   109 |    48 ||   157
  Eat: Chunk             |     1 |       ||     1
Armor: Scale mail        |    44 |       ||    44
       Plate armour      |    30 |    37 ||    67
Dodge: Dodged            |    28 |    12 ||    40
Block: Shield            |    51 |       ||    51
       Buckler           |    13 |    14 ||    27
       Rpst.: Long sword |     8 |     4 ||    12
